VEGAS vs MONTREAL

Created - Saturday, January 13, 2018 at 08:51

Goals
1 2 3 T
VEGAS 2 2 0 4
MONTREAL 2 2 2 6
Shots
1 2 3 T
VEGAS 7 14 6 27
MONTREAL 10 7 12 29

1st period

1. VEGAS , Andrew Cogliano 13 (Alex Goligoski 21) at 3:57
2. MONTREAL , Nathan MacKinnon 16 (Jason Pominville 16, Brian Dumoulin 20) at 4:16
3. MONTREAL , Nathan MacKinnon 17 (Max Pacioretty 21, Nathan Beaulieu 15) at 9:17
4. VEGAS , Jason Zucker 8 (Brendan Gallagher 10, Tyler Ennis 5) at 15:51

Penalties :
Vincent Trocheck (MON) for Roughing (Minor) at 10:10, Vincent Trocheck (MON) for Cross-checking (Minor) at 13:31, Alex Goligoski (VGK) for Charging (Minor) at 16:47

2nd period

5. VEGAS , Andy Greene 4 (Alex Goligoski 22, Tomas Tatar 15) at 5:13 (PP)
6. VEGAS , Craig Smith 4 (Andrew Cogliano 13, Tomas Tatar 16) at 6:45
7. MONTREAL , Rickard Rakell 11 (Tyler Johnson 18) at 13:04
8. MONTREAL , Tyler Johnson 9 (Vincent Trocheck 16) at 14:50

Penalties :
Vincent Trocheck (MON) for High sticking (Minor) at 4:35, Brian Dumoulin (MON) for Tripping (Minor) at 7:16, Phillip Danault (MON) for Hooking (Minor) at 10:04, Tomas Tatar (VGK) for Charging (Minor) at 17:38

3rd period

9. MONTREAL , Sven Andrighetto 3 (Brian Dumoulin 21, Tyler Myers 21) at 8:56 (PP)
10. MONTREAL , Brian Gionta 5 (Phillip Danault 8, Nathan Beaulieu 16) at 16:45

Penalties :
Boone Jenner (VGK) for Tripping (Minor) at 7:12, Micheal Ferland (MON) for Holding (Minor) at 9:04

Goalie Stats

Philipp Grubauer (VGK), 23 saves from 29 shots - (0.793), L, 0-1-0, 60:00 minutes
Robin Lehner (MON), 23 saves from 27 shots - (0.852), W, 22-10-4, 60:00 minutes

Players Stats for VEGAS

Player Name              G  A  P  +/- PIM S  H  SB GA TA FO     MP     PP MP  PK MP  
------------------------------------------------------------------------------------
Alex Goligoski           0  2  2  -1  2   1  2  3  0  0  0/0    25:03   5:29   2:47 
Andrew Cogliano          1  1  2   1  0   6  0  0  0  0  1/8    23:40   5:43   3:03 
Andy Greene              1  0  1  -1  0   1  0  1  0  0  0/0    22:47   5:29   3:58 
Barclay Goodrow          0  0  0  -1  0   0  0  0  0  0  1/2     2:43   0:00   0:00 
Boone Jenner             0  0  0  -2  2   3  6  0  0  0  11/32  21:31   4:50   2:21 
Brendan Gallagher        0  1  1  -1  0   0  2  0  0  0  1/2    14:30   0:00   0:00 
Brian Campbell           0  0  0   0  0   1  0  2  0  0  0/0    21:33   5:04   1:44 
Brock Nelson             0  0  0  -2  0   1  1  0  0  0  0/1    20:40   4:50   1:29 
Craig Smith              1  0  1   2  0   1  1  0  0  0  10/24  17:54   5:43   0:00 
Jason Zucker             1  0  1  -1  0   5  0  0  0  0  1/2    16:27   0:00   1:57 
Johnny Oduya             0  0  0  -1  0   0  0  1  0  0  0/0    12:12   0:00   0:00 
Jon Merrill              0  0  0   0  0   0  1  1  0  0  0/0     3:39   0:00   0:11 
Jordan Martinook         0  0  0  -2  0   3  0  0  0  0  1/3    19:11   4:50   0:00 
Marco Scandella          0  0  0  -1  0   0  0  0  0  0  0/0    13:12   0:00   1:00 
Mikkel Boedker           0  0  0  -1  0   2  0  0  0  0  0/0     3:50   0:00   1:07 
Nikita Zadorov           0  0  0   0  0   0  1  2  0  0  0/0    21:33   5:04   1:44 
Tomas Tatar              0  2  2   2  2   3  1  0  0  0  0/1    18:31   5:43   0:38 
Tyler Ennis              0  1  1  -1  0   0  0  0  0  0  3/13   15:19   0:00   0:49 

Players Stats for MONTREAL

Player Name              G  A  P  +/- PIM S  H  SB GA TA FO     MP     PP MP  PK MP  
------------------------------------------------------------------------------------
Brian Dumoulin           0  2  2   0  2   1  3  1  0  0  0/0    25:01   3:12   5:05 
Brian Gionta             1  0  1   0  0   3  1  1  0  0  1/2    11:51   0:00   1:19 
Devin Shore              0  0  0  -1  0   0  0  0  0  0  3/7     4:54   0:00   0:00 
Gabriel Dumont           0  0  0  -1  0   0  1  0  0  0  0/0     4:54   0:00   0:00 
Jason Demers             0  0  0   2  0   0  1  0  0  0  0/0    21:27   2:30   4:06 
Jason Pominville         0  1  1   2  0   2  2  0  0  0  1/1    17:49   2:34   0:00 
Marc Staal               0  0  0   0  0   1  0  3  0  0  0/0    18:58   2:30   4:19 
Max Pacioretty           0  1  1   2  0   3  3  0  0  0  8/13   24:33   2:34   6:44 
Micheal Ferland          0  0  0  -1  2   1  4  0  0  0  1/1     4:53   0:00   0:00 
Nathan Beaulieu          0  2  2   2  0   0  1  1  0  0  0/0    14:51   0:00   0:00 
Nathan MacKinnon         2  0  2   2  0   4  1  1  0  0  17/23  24:33   2:34   6:44 
Phillip Danault          0  1  1   0  2   2  0  1  0  0  7/12   10:31   0:00   0:00 
Rickard Rakell           1  0  1   1  0   2  0  0  0  0  2/2    16:12   3:08   0:00 
Sven Andrighetto         1  0  1   0  0   1  1  0  0  0  1/1    13:40   3:08   0:00 
Tobias Enstrom           0  0  0   0  0   0  0  0  0  0  0/0    13:31   0:00   1:22 
Tyler Johnson            1  1  2   1  0   6  1  1  0  0  16/20  16:53   0:00   3:49 
Tyler Myers              0  1  1   0  0   1  0  0  0  0  0/0    26:11   3:12   6:14 
Vincent Trocheck         0  1  1   1  6   2  5  0  0  0  2/6    18:39   3:08   2:30 

3 Stars

1 - Nathan MacKinnon (MON)
2 - Tyler Johnson (MON)
3 - Nathan Beaulieu (MON)

Power Play

VEGAS - 1 on 6 Attempt(s) - 16.67%
MONTREAL - 1 on 3 Attempt(s) - 33.33%

Penalty Kill

VEGAS - 2 on 3 Attempt(s) - 66.67% - Score 0 goal in Penalty Kill
MONTREAL - 5 on 6 Attempt(s) - 83.33% - Score 0 goal in Penalty Kill

Team Stat

VEGAS - Hits : 15 - Faceoff Wins : 29 - Blocked Shots : 10 - Penalty Minutes : 6
MONTREAL - Hits : 24 - Faceoff Wins : 59 - Blocked Shots : 9 - Penalty Minutes : 12

Official

Referees : Unknown
Linesman : Unknown

Game Notes

No Game Note

Finance

Level 1 -- Attendance: 4635 (77.25%) -- Ticket Income $463,500
Level 2 -- Attendance: 4164 (83.28%) -- Ticket Income $249,840
Level 3 -- Attendance: 1984 (99.20%) -- Ticket Income $69,440
Level 4 -- Attendance: 3451 (86.28%) -- Ticket Income $69,020
Luxury Box -- Attendance: 754 (75.40%) -- Ticket Income $150,800
Game was played at the Bell Centre.
Total Attendance: 14988 (83.27%)
Total Ticket Income: $1,002,600
Total Income: $1,002,600

VEGAS

5 vs 5 Forward 
   Center                   Left Wing                Right Wing               Time % Phy DF OF 
 1 Boone Jenner             Jordan Martinook         Brock Nelson             35     1   2  2  
 2 Craig Smith              Andrew Cogliano          Tomas Tatar              30     1   2  2  
 3 Tyler Ennis              Jason Zucker             Brendan Gallagher        25     1   2  2  
 4 Andrew Cogliano          Mikkel Boedker           Barclay Goodrow          10     1   2  2  

5 vs 5 Defense 
   Defense                  Defense                                           Time % Phy DF OF 
 1 Alex Goligoski           Andy Greene                                       35     1   2  2  
 2 Nikita Zadorov           Brian Campbell                                    30     1   2  2  
 3 Johnny Oduya             Marco Scandella                                   25     1   2  2  
 4 Jon Merrill              Alex Goligoski                                    10     1   2  2  

PowerPlay Forward 
   Center                   Left Wing                Right Wing               Time % Phy DF OF 
 1 Boone Jenner             Jordan Martinook         Brock Nelson             60     1   2  2  
 2 Craig Smith              Andrew Cogliano          Tomas Tatar              40     1   2  2  

PowerPlay Defense
   Defense                  Defense                                           Time % Phy DF OF 
 1 Alex Goligoski           Andy Greene                                       60     1   2  2  
 2 Nikita Zadorov           Brian Campbell                                    40     1   2  2  

Penalty Kill 4 Players Forward 
   Center                   Wing                     Time % Phy DF OF 
 1 Boone Jenner             Andrew Cogliano          60     1   2  2  
 2 Brock Nelson             Tomas Tatar              40     1   2  2  

Penalty Kill 4 Players Defense
   Defense                  Defense                  Time % Phy DF OF 
 1 Alex Goligoski           Andy Greene              60     1   2  2  
 2 Nikita Zadorov           Brian Campbell           40     1   2  2  

Penalty Kill - 3 Players Forward 
   Forward                                           Time % Phy DF OF 
 1 Brock Nelson                                      60     1   2  2  
 2 Andrew Cogliano                                   40     1   2  2  

Penalty Kill - 3 Players Defense
   Defense                  Defense                  Time % Phy DF OF 
 1 Alex Goligoski           Andy Greene              60     1   2  2  
 2 Nikita Zadorov           Brian Campbell           40     1   2  2  

4 vs 4 Forward 
   Center                   Wing                     Time % Phy DF OF 
 1 Brendan Gallagher        Andrew Cogliano          60     1   2  2  
 2 Brock Nelson             Tomas Tatar              40     1   2  2  

4 vs 4 Defense
   Defense                  Defense                  Time % Phy DF OF 
 1 Alex Goligoski           Andy Greene              60     1   2  2  
 2 Nikita Zadorov           Brian Campbell           40     1   2  2  

Last Minutes Offensive
   Center                   Left Wing                Right Wing               Defense                  Defense                  
   Boone Jenner             Jordan Martinook         Brock Nelson             Alex Goligoski           Andy Greene              

Last Minutes Defensive
   Center                   Left Wing                Right Wing               Defense                  Defense                  
   Boone Jenner             Jordan Martinook         Brock Nelson             Alex Goligoski           Andy Greene              

Goaltenders
Starting : Philipp Grubauer         
Backup : Tristan Jarry            

Extra Forwards
Normal : Jordan Martinook, Brendan Gallagher, Jason Zucker - PP : Jordan Martinook, Brendan Gallagher - PK : Jason Zucker
Extra Defensemen
Normal : Johnny Oduya, Marco Scandella, Jon Merrill - PP : Johnny Oduya - PK : Marco Scandella, Jon Merrill
Penalty Shots
Jordan Martinook, Andrew Cogliano, Brock Nelson, Tomas Tatar, Brendan Gallagher

Scratches
VGK Cap Hit (Healthy), Mats Zuccarello (Healthy), Ville Pokka (Healthy)

MONTREAL

5 vs 5 Forward 
   Center                   Left Wing                Right Wing               Time % Phy DF OF 
 1 Nathan MacKinnon         Max Pacioretty           Jason Pominville         35     1   2  2  
 2 Tyler Johnson            Vincent Trocheck         Rickard Rakell           30     1   2  2  
 3 Phillip Danault          Brian Gionta             Sven Andrighetto         25     1   2  2  
 4 Devin Shore              Micheal Ferland          Gabriel Dumont           10     1   2  2  

5 vs 5 Defense 
   Defense                  Defense                                           Time % Phy DF OF 
 1 Tyler Myers              Brian Dumoulin                                    35     1   2  2  
 2 Jason Demers             Nathan Beaulieu                                   30     1   2  2  
 3 Marc Staal               Tobias Enstrom                                    25     1   2  2  
 4 Tyler Myers              Brian Dumoulin                                    10     1   2  2  

PowerPlay Forward 
   Center                   Left Wing                Right Wing               Time % Phy DF OF 
 1 Nathan MacKinnon         Max Pacioretty           Jason Pominville         60     1   2  2  
 2 Vincent Trocheck         Rickard Rakell           Sven Andrighetto         40     1   2  2  

PowerPlay Defense
   Defense                  Defense                                           Time % Phy DF OF 
 1 Tyler Myers              Brian Dumoulin                                    60     1   2  2  
 2 Jason Demers             Marc Staal                                        40     1   2  2  

Penalty Kill 4 Players Forward 
   Center                   Wing                     Time % Phy DF OF 
 1 Max Pacioretty           Nathan MacKinnon         60     1   2  2  
 2 Vincent Trocheck         Tyler Johnson            40     1   2  2  

Penalty Kill 4 Players Defense
   Defense                  Defense                  Time % Phy DF OF 
 1 Tyler Myers              Brian Dumoulin           60     1   2  2  
 2 Jason Demers             Marc Staal               40     1   2  2  

Penalty Kill - 3 Players Forward 
   Forward                                           Time % Phy DF OF 
 1 Max Pacioretty                                    60     1   2  2  
 2 Nathan MacKinnon                                  40     1   2  2  

Penalty Kill - 3 Players Defense
   Defense                  Defense                  Time % Phy DF OF 
 1 Tyler Myers              Brian Dumoulin           60     1   2  2  
 2 Jason Demers             Marc Staal               40     1   2  2  

4 vs 4 Forward 
   Center                   Wing                     Time % Phy DF OF 
 1 Max Pacioretty           Nathan MacKinnon         60     1   2  2  
 2 Vincent Trocheck         Tyler Johnson            40     1   2  2  

4 vs 4 Defense
   Defense                  Defense                  Time % Phy DF OF 
 1 Tyler Myers              Brian Dumoulin           60     1   2  2  
 2 Jason Demers             Marc Staal               40     1   2  2  

Last Minutes Offensive
   Center                   Left Wing                Right Wing               Defense                  Defense                  
   Nathan MacKinnon         Max Pacioretty           Jason Pominville         Tyler Myers              Brian Dumoulin           

Last Minutes Defensive
   Center                   Left Wing                Right Wing               Defense                  Defense                  
   Nathan MacKinnon         Max Pacioretty           Jason Pominville         Tyler Myers              Brian Dumoulin           

Goaltenders
Starting : Robin Lehner             
Backup : Garret Sparks            

Extra Forwards
Normal : Devin Shore, Phillip Danault, Brian Gionta - PP : Devin Shore, Phillip Danault - PK : Brian Gionta
Extra Defensemen
Normal : Nathan Beaulieu, Tobias Enstrom, Jason Demers - PP : Nathan Beaulieu - PK : Tobias Enstrom, Jason Demers
Penalty Shots
Max Pacioretty, Nathan MacKinnon, Vincent Trocheck, Tyler Johnson, Rickard Rakell

Scratches
MTL CAP HIT (Suspend)

% Time on Ice - VEGAS

Lines # - Real PCT - Wanted PCT - Time Play
Normal Forward
1 - 33% - 35% - 14:21
2 - 28% - 30% - 12:11
3 - 33% - 25% - 14:30
4 - 6% - 10% - 2:43
Normal Defense
1 - 30% - 35% - 13:20
2 - 34% - 30% - 14:45
3 - 28% - 25% - 12:12
4 - 8% - 10% - 3:28
PP Forward
1 - 46% - 60% - 4:50
2 - 54% - 40% - 5:43
PP Defense
1 - 52% - 60% - 5:29
2 - 48% - 40% - 5:04
PK Forward
1 - 74% - 60% - 4:13
2 - 26% - 40% - 1:29
PK Defense
1 - 70% - 60% - 3:58
2 - 30% - 40% - 1:44
PK3 Forward
1 - 0% - 60%
2 - 0% - 40%
PK3 Defense
1 - 0% - 60%
2 - 0% - 40%
44 Forward
1 - 0% - 60%
2 - 0% - 40%
44 Defense
1 - 0% - 60%
2 - 0% - 40%
Last Minute Offensive  - 0:00
Last Minute Defensive  - 0:00
Total
Forward - 60:00
Defense - 60:00

% Time on Ice - MONTREAL

Lines # - Real PCT - Wanted PCT - Time Play
Normal Forward
1 - 35% - 35% - 15:15
2 - 30% - 30% - 13:04
3 - 24% - 25% - 10:32
4 - 11% - 10% - 4:54
Normal Defense
1 - 35% - 35% - 15:14
2 - 34% - 30% - 14:51
3 - 28% - 25% - 12:09
4 - 3% - 10% - 1:31
PP Forward
1 - 45% - 60% - 2:34
2 - 55% - 40% - 3:08
PP Defense
1 - 56% - 60% - 3:12
2 - 44% - 40% - 2:30
PK Forward
1 - 64% - 60% - 6:44
2 - 36% - 40% - 3:49
PK Defense
1 - 60% - 60% - 6:20
2 - 40% - 40% - 4:13
PK3 Forward
1 - 0% - 60%
2 - 0% - 40%
PK3 Defense
1 - 0% - 60%
2 - 0% - 40%
44 Forward
1 - 0% - 60%
2 - 0% - 40%
44 Defense
1 - 0% - 60%
2 - 0% - 40%
Last Minute Offensive  - 0:00
Last Minute Defensive  - 0:00
Total
Forward - 60:00
Defense - 60:00

Play by Play

1st period


0:01 of 1st period - Boone Jenner wins face-off versus Nathan MacKinnon in neutral zone.
0:16 of 1st period - Andy Greene is hit by Jason Pominville and loses puck.
2:26 of 1st period - Icing by Johnny Oduya.
2:27 of 1st period - Tyler Ennis wins face-off versus Devin Shore in VEGAS zone.
2:27 of 1st period - Tyler Ennis is hit by Gabriel Dumont.
3:14 of 1st period - Off-side.
3:15 of 1st period - Barclay Goodrow wins face-off versus Brian Gionta in neutral zone.
3:32 of 1st period - Shot by Brian Gionta.
3:32 of 1st period - Deflect By Phillip Danault.
3:32 of 1st period - Shot Blocked by Nikita Zadorov.
3:34 of 1st period - Shot by Phillip Danault.
3:34 of 1st period - Stopped by Philipp Grubauer without a rebound.
3:35 of 1st period - Craig Smith wins face-off versus Tyler Johnson in VEGAS zone.
3:55 of 1st period - Shot by Andrew Cogliano.
3:55 of 1st period - Shot Misses the Net.
3:57 of 1st period - Shot by Andrew Cogliano.
3:57 of 1st period - Goal by Andrew Cogliano - VEGAS : 1 - MONTREAL : 0.
3:58 of 1st period - Nathan MacKinnon wins face-off versus Tyler Ennis in neutral zone.
4:08 of 1st period - Shot by Brian Dumoulin.
4:08 of 1st period - Shot Blocked by Nikita Zadorov.
4:10 of 1st period - Shot by Brian Dumoulin.
4:10 of 1st period - Shot Misses the Net.
4:12 of 1st period - Shot by Brian Dumoulin.
4:12 of 1st period - Shot Misses the Net.
4:14 of 1st period - Shot by Jason Pominville.
4:14 of 1st period - Stopped by Philipp Grubauer with a rebound.
4:16 of 1st period - Shot by Nathan MacKinnon.
4:16 of 1st period - Goal by Nathan MacKinnon - VEGAS : 1 - MONTREAL : 1.
4:17 of 1st period - Phillip Danault wins face-off versus Boone Jenner in neutral zone.
4:28 of 1st period - Shot by Boone Jenner.
4:28 of 1st period - Shot Misses the Net.
4:30 of 1st period - Shot by Boone Jenner.
4:30 of 1st period - Shot Misses the Net.
5:31 of 1st period - Icing by Brian Dumoulin.
5:32 of 1st period - Tyler Johnson wins face-off versus Tyler Ennis in MONTREAL zone.
6:14 of 1st period - Shot by Tyler Johnson.
6:14 of 1st period - Stopped by Philipp Grubauer with a rebound.
6:21 of 1st period - Tyler Ennis is hit by Vincent Trocheck and loses puck.
6:57 of 1st period - Off-side.
6:58 of 1st period - Boone Jenner wins face-off versus Devin Shore in neutral zone.
7:01 of 1st period - Marc Staal is hit by Boone Jenner and loses puck.
7:16 of 1st period - Brock Nelson is hit by Micheal Ferland and loses puck.
7:23 of 1st period - Shot by Marc Staal.
7:23 of 1st period - Stopped by Philipp Grubauer without a rebound.
7:24 of 1st period - Nathan MacKinnon wins face-off versus Andrew Cogliano in VEGAS zone.
7:37 of 1st period - Shot by Nathan MacKinnon.
7:37 of 1st period - Shot Blocked by Jon Merrill.
7:39 of 1st period - Shot by Jason Pominville.
7:39 of 1st period - Stopped by Philipp Grubauer without a rebound.
7:40 of 1st period - Boone Jenner wins face-off versus Phillip Danault in VEGAS zone.
7:40 of 1st period - Boone Jenner is hit by Brian Gionta.
7:49 of 1st period - Off-side.
7:50 of 1st period - Max Pacioretty wins face-off versus Craig Smith in neutral zone.
8:08 of 1st period - Shot by Andrew Cogliano.
8:08 of 1st period - Stopped by Robin Lehner without a rebound.
8:09 of 1st period - Tyler Johnson wins face-off versus Boone Jenner in MONTREAL zone.
8:41 of 1st period - Shot by Jordan Martinook.
8:41 of 1st period - Stopped by Robin Lehner without a rebound.
8:42 of 1st period - Nathan MacKinnon wins face-off versus Barclay Goodrow in MONTREAL zone.
8:47 of 1st period - Shot by Max Pacioretty.
8:47 of 1st period - Shot Blocked by Alex Goligoski.
8:49 of 1st period - Shot by Max Pacioretty.
8:49 of 1st period - Shot Misses the Net.
8:53 of 1st period - Shot by Nathan MacKinnon.
8:53 of 1st period - Stopped by Philipp Grubauer with a rebound.
9:13 of 1st period - Shot by Max Pacioretty.
9:13 of 1st period - Shot Blocked by Andy Greene.
9:15 of 1st period - Shot by Nathan MacKinnon.
9:15 of 1st period - Shot Misses the Net.
9:17 of 1st period - Shot by Nathan MacKinnon.
9:17 of 1st period - Goal by Nathan MacKinnon - VEGAS : 1 - MONTREAL : 2.
9:18 of 1st period - Tyler Ennis wins face-off versus Phillip Danault in neutral zone.
9:23 of 1st period - Shot by Brian Campbell.
9:23 of 1st period - Shot Misses the Net.
9:25 of 1st period - Shot by Jason Zucker.
9:25 of 1st period - Shot Misses the Net.
9:37 of 1st period - Shot by Jason Zucker.
9:37 of 1st period - Shot Blocked by Phillip Danault.
10:10 of 1st period - Minor Penalty to Vincent Trocheck for Roughing.
10:11 of 1st period - Max Pacioretty wins face-off versus Boone Jenner in MONTREAL zone.
10:11 of 1st period - Nathan MacKinnon is hit by Boone Jenner and loses puck.
10:41 of 1st period - Shot by Andy Greene.
10:41 of 1st period - Shot Blocked by Marc Staal.
10:43 of 1st period - Shot by Andy Greene.
10:43 of 1st period - Shot Hit the Post.
10:45 of 1st period - Shot by Boone Jenner.
10:45 of 1st period - Stopped by Robin Lehner without a rebound.
10:46 of 1st period - Craig Smith wins face-off versus Max Pacioretty in MONTREAL zone.
10:46 of 1st period - Tomas Tatar is hit by Brian Dumoulin and loses puck.
11:35 of 1st period - Icing by Nikita Zadorov.
11:36 of 1st period - Brian Gionta wins face-off versus Craig Smith in VEGAS zone.
12:53 of 1st period - Johnny Oduya is hit by Micheal Ferland and loses puck.
13:31 of 1st period - Minor Penalty to Vincent Trocheck for Cross-checking.
13:32 of 1st period - Boone Jenner wins face-off versus Max Pacioretty in MONTREAL zone.
13:37 of 1st period - Shot by Alex Goligoski.
13:37 of 1st period - Shot Misses the Net.
15:22 of 1st period - Off-side.
15:23 of 1st period - Max Pacioretty wins face-off versus Boone Jenner in neutral zone.
15:26 of 1st period - Brock Nelson is hit by Max Pacioretty and loses puck.
15:51 of 1st period - Shot by Jason Zucker.
15:51 of 1st period - Goal by Jason Zucker - VEGAS : 2 - MONTREAL : 2.
15:52 of 1st period - Tyler Johnson wins face-off versus Andrew Cogliano in neutral zone.
15:57 of 1st period - Icing by Barclay Goodrow.
15:58 of 1st period - Tyler Johnson wins face-off versus Andrew Cogliano in VEGAS zone.
15:58 of 1st period - Tyler Johnson is hit by Alex Goligoski.
16:03 of 1st period - Icing by Andrew Cogliano.
16:04 of 1st period - Nathan MacKinnon wins face-off versus Andrew Cogliano in VEGAS zone.
16:19 of 1st period - Shot by Mikkel Boedker.
16:19 of 1st period - Stopped by Robin Lehner without a rebound.
16:20 of 1st period - Boone Jenner wins face-off versus Tyler Johnson in MONTREAL zone.
16:20 of 1st period - Boone Jenner is hit by Nathan Beaulieu.
16:45 of 1st period - Shot by Rickard Rakell.
16:45 of 1st period - Stopped by Philipp Grubauer without a rebound.
16:46 of 1st period - Nathan MacKinnon wins face-off versus Tomas Tatar in VEGAS zone.
16:46 of 1st period - Nathan MacKinnon is hit by Alex Goligoski.
16:47 of 1st period - Minor Penalty to Alex Goligoski for Charging.
16:48 of 1st period - Nathan MacKinnon wins face-off versus Boone Jenner in VEGAS zone.
18:20 of 1st period - Icing by Rickard Rakell.
18:21 of 1st period - Boone Jenner wins face-off versus Vincent Trocheck in MONTREAL zone.
18:53 of 1st period - Micheal Ferland is hit by Jon Merrill and loses puck.
19:02 of 1st period - Shot by Jason Zucker.
19:02 of 1st period - Stopped by Robin Lehner without a rebound.
19:03 of 1st period - Max Pacioretty wins face-off versus Brendan Gallagher in MONTREAL zone.
19:05 of 1st period - Icing by Nathan MacKinnon.
19:06 of 1st period - Nathan MacKinnon wins face-off versus Tyler Ennis in MONTREAL zone.
19:06 of 1st period - Nathan MacKinnon is hit by Brendan Gallagher.
19:19 of 1st period - Max Pacioretty is hit by Nikita Zadorov and loses puck.
19:36 of 1st period - Shot by Max Pacioretty.
19:36 of 1st period - Stopped by Philipp Grubauer without a rebound.
19:37 of 1st period - Devin Shore wins face-off versus Boone Jenner in VEGAS zone.
Goals for this period are 2 for VEGAS vs 2 for MONTREAL.
Shots for this period are 7 for VEGAS vs 10 for MONTREAL.

2nd period


0:01 of 2nd period - Nathan MacKinnon wins face-off versus Craig Smith in neutral zone.
0:10 of 2nd period - Shot by Max Pacioretty.
0:10 of 2nd period - Shot Misses the Net.
2:01 of 2nd period - Icing by Tyler Myers.
2:02 of 2nd period - Nathan MacKinnon wins face-off versus Andrew Cogliano in MONTREAL zone.
2:23 of 2nd period - Shot by Brian Gionta.
2:23 of 2nd period - Stopped by Philipp Grubauer without a rebound.
2:24 of 2nd period - Tyler Johnson wins face-off versus Tyler Ennis in VEGAS zone.
3:45 of 2nd period - Marc Staal is hit by Craig Smith and loses puck.
3:56 of 2nd period - Shot by Andrew Cogliano.
3:56 of 2nd period - Stopped by Robin Lehner without a rebound.
3:57 of 2nd period - Devin Shore wins face-off versus Boone Jenner in MONTREAL zone.
4:10 of 2nd period - Gabriel Dumont is hit by Boone Jenner and loses puck.
4:23 of 2nd period - Shot by Brock Nelson.
4:23 of 2nd period - Deflect By Boone Jenner.
4:23 of 2nd period - Shot Misses the Net.
4:25 of 2nd period - Shot by Boone Jenner.
4:25 of 2nd period - Stopped by Robin Lehner without a rebound.
4:26 of 2nd period - Tyler Johnson wins face-off versus Craig Smith in MONTREAL zone.
4:35 of 2nd period - Minor Penalty to Vincent Trocheck for High sticking.
4:36 of 2nd period - Max Pacioretty wins face-off versus Craig Smith in MONTREAL zone.
4:56 of 2nd period - Icing by Alex Goligoski.
4:57 of 2nd period - Max Pacioretty wins face-off versus Craig Smith in VEGAS zone.
5:05 of 2nd period - Shot by Alex Goligoski.
5:05 of 2nd period - Shot Misses the Net.
5:07 of 2nd period - Shot by Alex Goligoski.
5:07 of 2nd period - Shot Blocked by Brian Dumoulin.
5:13 of 2nd period - Shot by Andy Greene.
5:13 of 2nd period - Goal by Andy Greene - VEGAS : 3 - MONTREAL : 2.
5:14 of 2nd period - Rickard Rakell wins face-off versus Boone Jenner in neutral zone.
5:29 of 2nd period - Shot by Tyler Johnson.
5:29 of 2nd period - Stopped by Philipp Grubauer without a rebound.
5:30 of 2nd period - Nathan MacKinnon wins face-off versus Tyler Ennis in VEGAS zone.
6:25 of 2nd period - Icing by Andy Greene.
6:26 of 2nd period - Tyler Ennis wins face-off versus Phillip Danault in VEGAS zone.
6:45 of 2nd period - Shot by Craig Smith.
6:45 of 2nd period - Goal by Craig Smith - VEGAS : 4 - MONTREAL : 2.
6:46 of 2nd period - Tyler Johnson wins face-off versus Boone Jenner in neutral zone.
6:49 of 2nd period - Shot by Vincent Trocheck.
6:49 of 2nd period - Deflect By Tyler Johnson.
6:49 of 2nd period - Stopped by Philipp Grubauer without a rebound.
6:50 of 2nd period - Tyler Johnson wins face-off versus Craig Smith in VEGAS zone.
6:53 of 2nd period - Shot by Vincent Trocheck.
6:53 of 2nd period - Stopped by Philipp Grubauer without a rebound.
6:54 of 2nd period - Tyler Johnson wins face-off versus Craig Smith in VEGAS zone.
7:14 of 2nd period - Brian Campbell is hit by Brian Dumoulin and loses puck.
7:16 of 2nd period - Minor Penalty to Brian Dumoulin for Tripping.
7:17 of 2nd period - Max Pacioretty wins face-off versus Brock Nelson in MONTREAL zone.
7:47 of 2nd period - Shot by Jordan Martinook.
7:47 of 2nd period - Shot Blocked by Nathan MacKinnon.
8:26 of 2nd period - Craig Smith is hit by Vincent Trocheck.
9:15 of 2nd period - Max Pacioretty is hit by Boone Jenner and loses puck.
9:27 of 2nd period - Nathan Beaulieu is hit by Brendan Gallagher and loses puck.
10:04 of 2nd period - Minor Penalty to Phillip Danault for Hooking.
10:05 of 2nd period - Boone Jenner wins face-off versus Max Pacioretty in MONTREAL zone.
10:06 of 2nd period - Shot by Brock Nelson.
10:06 of 2nd period - Shot Misses the Net.
10:08 of 2nd period - Shot by Jordan Martinook.
10:08 of 2nd period - Stopped by Robin Lehner without a rebound.
10:09 of 2nd period - Boone Jenner wins face-off versus Max Pacioretty in MONTREAL zone.
10:50 of 2nd period - Vincent Trocheck is hit by Boone Jenner and loses puck.
11:17 of 2nd period - Shot by Brian Campbell.
11:17 of 2nd period - Stopped by Robin Lehner without a rebound.
11:18 of 2nd period - Craig Smith wins face-off versus Vincent Trocheck in MONTREAL zone.
12:30 of 2nd period - Shot by Jason Zucker.
12:30 of 2nd period - Stopped by Robin Lehner without a rebound.
12:31 of 2nd period - Tyler Johnson wins face-off versus Boone Jenner in MONTREAL zone.
12:36 of 2nd period - Boone Jenner is hit by Vincent Trocheck.
13:04 of 2nd period - Shot by Rickard Rakell.
13:04 of 2nd period - Goal by Rickard Rakell - VEGAS : 4 - MONTREAL : 3.
13:05 of 2nd period - Nathan MacKinnon wins face-off versus Craig Smith in neutral zone.
13:42 of 2nd period - Shot by Nathan MacKinnon.
13:42 of 2nd period - Shot Misses the Net.
14:50 of 2nd period - Shot by Tyler Johnson.
14:50 of 2nd period - Goal by Tyler Johnson - VEGAS : 4 - MONTREAL : 4.
14:51 of 2nd period - Phillip Danault wins face-off versus Boone Jenner in neutral zone.
15:20 of 2nd period - Shot by Phillip Danault.
15:20 of 2nd period - Deflect By Sven Andrighetto.
15:20 of 2nd period - Shot Blocked by Johnny Oduya.
15:54 of 2nd period - Shot by Andrew Cogliano.
15:54 of 2nd period - Stopped by Robin Lehner with a rebound.
15:56 of 2nd period - Shot by Brian Campbell.
15:56 of 2nd period - Shot Misses the Net.
16:02 of 2nd period - Shot by Andrew Cogliano.
16:02 of 2nd period - Shot Misses the Net.
16:04 of 2nd period - Shot by Nikita Zadorov.
16:04 of 2nd period - Shot Blocked by Brian Gionta.
16:06 of 2nd period - Shot by Brian Campbell.
16:06 of 2nd period - Shot Blocked by Nathan Beaulieu.
16:16 of 2nd period - Shot by Andrew Cogliano.
16:16 of 2nd period - Stopped by Robin Lehner without a rebound.
16:17 of 2nd period - Tyler Johnson wins face-off versus Tyler Ennis in MONTREAL zone.
16:23 of 2nd period - Icing by Andy Greene.
16:24 of 2nd period - Brendan Gallagher wins face-off versus Tyler Johnson in VEGAS zone.
16:28 of 2nd period - Alex Goligoski is hit by Tyler Johnson and loses puck.
16:35 of 2nd period - Shot by Brendan Gallagher.
16:35 of 2nd period - Shot Misses the Net.
16:39 of 2nd period - Shot by Brendan Gallagher.
16:39 of 2nd period - Shot Blocked by Marc Staal.
16:41 of 2nd period - Shot by Jason Zucker.
16:41 of 2nd period - Stopped by Robin Lehner without a rebound.
16:42 of 2nd period - Jordan Martinook wins face-off versus Nathan MacKinnon in MONTREAL zone.
16:53 of 2nd period - Shot by Jordan Martinook.
16:53 of 2nd period - Stopped by Robin Lehner without a rebound.
16:54 of 2nd period - Tyler Johnson wins face-off versus Craig Smith in MONTREAL zone.
17:07 of 2nd period - Shot by Andy Greene.
17:07 of 2nd period - Shot Blocked by Marc Staal.
17:09 of 2nd period - Shot by Tomas Tatar.
17:09 of 2nd period - Stopped by Robin Lehner without a rebound.
17:10 of 2nd period - Nathan MacKinnon wins face-off versus Boone Jenner in MONTREAL zone.
17:26 of 2nd period - Shot by Jordan Martinook.
17:26 of 2nd period - Shot Misses the Net.
17:32 of 2nd period - Shot by Brock Nelson.
17:32 of 2nd period - Deflect By Boone Jenner.
17:32 of 2nd period - Stopped by Robin Lehner without a rebound.
17:33 of 2nd period - Craig Smith wins face-off versus Vincent Trocheck in MONTREAL zone.
17:38 of 2nd period - Minor Penalty to Tomas Tatar for Charging.
17:39 of 2nd period - Nathan MacKinnon wins face-off versus Boone Jenner in VEGAS zone.
17:49 of 2nd period - Icing by Tyler Myers.
17:50 of 2nd period - Boone Jenner wins face-off versus Max Pacioretty in MONTREAL zone.
17:50 of 2nd period - Boone Jenner is hit by Brian Dumoulin.
17:52 of 2nd period - Shot by Andrew Cogliano.
17:52 of 2nd period - Stopped by Robin Lehner without a rebound.
17:53 of 2nd period - Nathan MacKinnon wins face-off versus Andrew Cogliano in MONTREAL zone.
18:36 of 2nd period - Shot by Max Pacioretty.
18:36 of 2nd period - Stopped by Philipp Grubauer without a rebound.
18:37 of 2nd period - Vincent Trocheck wins face-off versus Boone Jenner in VEGAS zone.
19:10 of 2nd period - Shot by Rickard Rakell.
19:10 of 2nd period - Shot Misses the Net.
19:12 of 2nd period - Shot by Marc Staal.
19:12 of 2nd period - Shot Misses the Net.
19:14 of 2nd period - Shot by Vincent Trocheck.
19:14 of 2nd period - Shot Hit the Post.
19:16 of 2nd period - Shot by Marc Staal.
19:16 of 2nd period - Shot Misses the Net.
19:18 of 2nd period - Shot by Marc Staal.
19:18 of 2nd period - Shot Misses the Net.
19:32 of 2nd period - Shot by Brian Dumoulin.
19:32 of 2nd period - Deflect By Nathan MacKinnon.
19:32 of 2nd period - Shot Blocked by Alex Goligoski.
19:43 of 2nd period - Icing by Nikita Zadorov.
19:44 of 2nd period - Craig Smith wins face-off versus Devin Shore in VEGAS zone.
19:44 of 2nd period - Craig Smith is hit by Micheal Ferland.
Goals for this period are 2 for VEGAS vs 2 for MONTREAL.
Shots for this period are 14 for VEGAS vs 7 for MONTREAL.

3rd period


0:01 of 3rd period - Boone Jenner wins face-off versus Nathan MacKinnon in neutral zone.
1:21 of 3rd period - Shot by Vincent Trocheck.
1:21 of 3rd period - Stopped by Philipp Grubauer without a rebound.
1:22 of 3rd period - Sven Andrighetto wins face-off versus Tyler Ennis in VEGAS zone.
1:38 of 3rd period - Tyler Ennis is hit by Jason Demers and loses puck.
2:28 of 3rd period - Vincent Trocheck is hit by Tomas Tatar and loses puck.
2:45 of 3rd period - Icing by Brian Campbell.
2:46 of 3rd period - Craig Smith wins face-off versus Devin Shore in VEGAS zone.
3:01 of 3rd period - Shot by Devin Shore.
3:01 of 3rd period - Shot Misses the Net.
3:03 of 3rd period - Shot by Micheal Ferland.
3:03 of 3rd period - Stopped by Philipp Grubauer without a rebound.
3:04 of 3rd period - Nathan MacKinnon wins face-off versus Boone Jenner in VEGAS zone.
3:27 of 3rd period - Shot by Brock Nelson.
3:27 of 3rd period - Shot Misses the Net.
3:35 of 3rd period - Shot by Boone Jenner.
3:35 of 3rd period - Shot Hit the Post.
4:23 of 3rd period - Shot by Tyler Johnson.
4:23 of 3rd period - Stopped by Philipp Grubauer without a rebound.
4:24 of 3rd period - Craig Smith wins face-off versus Phillip Danault in VEGAS zone.
4:33 of 3rd period - Shot by Tomas Tatar.
4:33 of 3rd period - Stopped by Robin Lehner without a rebound.
4:34 of 3rd period - Andrew Cogliano wins face-off versus Tyler Johnson in MONTREAL zone.
4:45 of 3rd period - Shot by Mikkel Boedker.
4:45 of 3rd period - Stopped by Robin Lehner with a rebound.
4:58 of 3rd period - Shot by Tyler Myers.
4:58 of 3rd period - Stopped by Philipp Grubauer without a rebound.
4:59 of 3rd period - Phillip Danault wins face-off versus Boone Jenner in VEGAS zone.
5:07 of 3rd period - Icing by Alex Goligoski.
5:08 of 3rd period - Boone Jenner wins face-off versus Nathan MacKinnon in VEGAS zone.
5:08 of 3rd period - Brock Nelson is hit by Nathan MacKinnon and loses puck.
5:38 of 3rd period - Shot by Brock Nelson.
5:38 of 3rd period - Stopped by Robin Lehner without a rebound.
5:39 of 3rd period - Rickard Rakell wins face-off versus Craig Smith in MONTREAL zone.
5:41 of 3rd period - Icing by Brian Dumoulin.
5:42 of 3rd period - Tyler Johnson wins face-off versus Craig Smith in MONTREAL zone.
5:58 of 3rd period - Icing by Craig Smith.
5:59 of 3rd period - Craig Smith wins face-off versus Nathan MacKinnon in VEGAS zone.
5:59 of 3rd period - Craig Smith is hit by Jason Pominville.
6:22 of 3rd period - Shot by Andrew Cogliano.
6:22 of 3rd period - Shot Misses the Net.
7:12 of 3rd period - Minor Penalty to Boone Jenner for Tripping.
7:13 of 3rd period - Vincent Trocheck wins face-off versus Jason Zucker in VEGAS zone.
7:28 of 3rd period - Shot by Vincent Trocheck.
7:28 of 3rd period - Shot Misses the Net.
7:38 of 3rd period - Shot by Tyler Myers.
7:38 of 3rd period - Shot Misses the Net.
8:02 of 3rd period - Andrew Cogliano is hit by Vincent Trocheck and loses puck.
8:14 of 3rd period - Icing by Jason Demers.
8:15 of 3rd period - Jason Zucker wins face-off versus Nathan MacKinnon in MONTREAL zone.
8:52 of 3rd period - Shot by Tyler Myers.
8:52 of 3rd period - Shot Misses the Net.
8:54 of 3rd period - Shot by Brian Dumoulin.
8:54 of 3rd period - Shot Misses the Net.
8:56 of 3rd period - Shot by Sven Andrighetto.
8:56 of 3rd period - Goal by Sven Andrighetto - VEGAS : 4 - MONTREAL : 5.
8:57 of 3rd period - Devin Shore wins face-off versus Jordan Martinook in neutral zone.
9:04 of 3rd period - Minor Penalty to Micheal Ferland for Holding.
9:05 of 3rd period - Max Pacioretty wins face-off versus Boone Jenner in MONTREAL zone.
9:46 of 3rd period - Jason Demers is hit by Brock Nelson and loses puck.
10:18 of 3rd period - Shot by Alex Goligoski.
10:18 of 3rd period - Stopped by Robin Lehner without a rebound.
10:19 of 3rd period - Craig Smith wins face-off versus Vincent Trocheck in MONTREAL zone.
11:21 of 3rd period - Shot by Jason Zucker.
11:21 of 3rd period - Stopped by Robin Lehner without a rebound.
11:22 of 3rd period - Micheal Ferland wins face-off versus Jordan Martinook in MONTREAL zone.
11:35 of 3rd period - Marco Scandella is hit by Micheal Ferland.
12:08 of 3rd period - Tyler Johnson is hit by Boone Jenner and loses puck.
12:28 of 3rd period - Brendan Gallagher is hit by Vincent Trocheck.
13:03 of 3rd period - Shot by Max Pacioretty.
13:03 of 3rd period - Shot Blocked by Brian Campbell.
13:19 of 3rd period - Shot by Nathan MacKinnon.
13:19 of 3rd period - Stopped by Philipp Grubauer without a rebound.
13:20 of 3rd period - Craig Smith wins face-off versus Phillip Danault in VEGAS zone.
13:20 of 3rd period - Andrew Cogliano is hit by Sven Andrighetto and loses puck.
13:35 of 3rd period - Shot by Brian Gionta.
13:35 of 3rd period - Deflect By Phillip Danault.
13:35 of 3rd period - Shot Misses the Net.
13:58 of 3rd period - Off-side.
13:59 of 3rd period - Tyler Johnson wins face-off versus Boone Jenner in neutral zone.
14:12 of 3rd period - Shot by Brian Dumoulin.
14:12 of 3rd period - Stopped by Philipp Grubauer without a rebound.
14:13 of 3rd period - Nathan MacKinnon wins face-off versus Boone Jenner in VEGAS zone.
15:06 of 3rd period - Icing by Jon Merrill.
15:07 of 3rd period - Tyler Johnson wins face-off versus Boone Jenner in VEGAS zone.
16:15 of 3rd period - Shot by Andrew Cogliano.
16:15 of 3rd period - Shot Blocked by Tyler Johnson.
16:21 of 3rd period - Shot by Andrew Cogliano.
16:21 of 3rd period - Deflect By Tomas Tatar.
16:21 of 3rd period - Stopped by Robin Lehner without a rebound.
16:22 of 3rd period - Phillip Danault wins face-off versus Tyler Ennis in MONTREAL zone.
16:43 of 3rd period - Shot by Phillip Danault.
16:43 of 3rd period - Stopped by Philipp Grubauer with a rebound.
16:45 of 3rd period - Shot by Brian Gionta.
16:45 of 3rd period - Goal by Brian Gionta - VEGAS : 4 - MONTREAL : 6.
16:46 of 3rd period - Nathan MacKinnon wins face-off versus Andrew Cogliano in neutral zone.
16:49 of 3rd period - Andrew Cogliano is hit by Max Pacioretty.
16:59 of 3rd period - Shot by Max Pacioretty.
16:59 of 3rd period - Shot Blocked by Brian Campbell.
17:01 of 3rd period - Shot by Max Pacioretty.
17:01 of 3rd period - Stopped by Philipp Grubauer without a rebound.
17:02 of 3rd period - Phillip Danault wins face-off versus Tyler Ennis in VEGAS zone.
17:03 of 3rd period - Shot by Brian Gionta.
17:03 of 3rd period - Stopped by Philipp Grubauer without a rebound.
17:04 of 3rd period - Jason Pominville wins face-off versus Craig Smith in VEGAS zone.
17:32 of 3rd period - Johnny Oduya is hit by Max Pacioretty and loses puck.
18:26 of 3rd period - Shot by Tyler Johnson.
18:26 of 3rd period - Shot Blocked by Alex Goligoski.
18:28 of 3rd period - Shot by Brian Dumoulin.
18:28 of 3rd period - Deflect By Vincent Trocheck.
18:28 of 3rd period - Shot Misses the Net.
18:30 of 3rd period - Shot by Tyler Johnson.
18:30 of 3rd period - Stopped by Philipp Grubauer without a rebound.
18:31 of 3rd period - Phillip Danault wins face-off versus Tyler Ennis in VEGAS zone.
19:18 of 3rd period - Icing by Phillip Danault.
19:19 of 3rd period - Phillip Danault wins face-off versus Boone Jenner in MONTREAL zone.
19:23 of 3rd period - Off-side.
19:24 of 3rd period - Tyler Johnson wins face-off versus Craig Smith in neutral zone.
Goals for this period are 0 for VEGAS vs 2 for MONTREAL.
Shots for this period are 6 for VEGAS vs 12 for MONTREAL.